 Dungeon Crawl Stone Soup version 0.29.1-15-g9cfb28693d (webtiles) character file.

Game seed: 14593459727912633676

237 hawla the Conjurer (level 5, 0/21 HPs)
             Began as a Felid Conjurer on Apr 10, 2023.
             Slain by a water moccasin zombie (4 damage)
             ... on level 4 of the Dungeon.
             The game lasted 00:10:26 (4107 turns).

hawla the Conjurer (Felid Conjurer)                 Turns: 4107, Time: 00:10:27

Health: 0/21       AC:  1    Str:  3    XL:     5   Next: 77%
Magic:  0/9        EV: 18    Int: 27    God:
Gold:   38         SH:  0    Dex: 15    Spells: 1/8 levels left
                                        Lives:  0   Deaths: 1

rFire   . . .      SeeInvis +     - Unarmed
rCold   . . .      Faith    .   (shield unavailable)
rNeg    . . .      Spirit   .   (body armour unavailable)
rPois   .          Reflect  .   (helmet unavailable)
rElec   .          Harm     .   (cloak unavailable)
rCorr   .          Rampage  .   (gloves unavailable)
Will    .....                   (boots unavailable)
Stlth   +++.......              (no amulet)
HPRegen 0.07/turn               a - ring of wizardry
MPRegen 0.11/turn               b - +6 ring of intelligence

@: brilliant, very slightly contaminated, quick
A: very small, claws 1, fangs 3, see invisible, speed 1, shaggy fur 1, stealthy
paws, no weapons or thrown items, no armour, multi-lived
a: no special abilities


You were on level 4 of the Dungeon.
You visited 1 branch of the dungeon, and saw 4 of its levels.

You collected 148 gold pieces.
You spent 110 gold pieces at shops.

Inventory:

Jewellery
 a - a ring of wizardry (left paw)
 b - a +6 ring of intelligence (right paw)
Wands
 i - a wand of flame (23) (quivered)
Potions
 d - a potion of attraction
 e - a potion of mutation
 j - a potion of brilliance
 l - 3 potions of flight


   Skills:
 + Level 0.2 Fighting
 + Level 3.6 Dodging
 + Level 4.0 Stealth
 + Level 1.2 Unarmed Combat
 + Level 2.4 Spellcasting
 + Level 4.3 Conjurations
 + Level 4.2 Translocations
 + Level 3.0 Evocations


You had one spell level left.
You knew the following spells:

 Your Spells              Type           Power      Damage    Failure   Level
a - Magic Dart            Conj           100%       1d8       1%          1
b - Searing Ray           Conj           80%        2d7       1%          2
c - Iskenderun's Mystic   Conj/Tloc      39%        2d9       6%          4

Your spell library contained the following spells:

 Spells                   Type           Power      Damage    Failure   Level
 Dazzling Flash           Conj/Hex       44%        N/A       4%          3
 Fulminant Prism          Conj/Hex       11%        3d9       16%         4


Dungeon Overview and Level Annotations

Branches:
Dungeon (4/15)
 Temple: D:4-7

Altars:

Shops:
D:2 [*((=

Annotations:
D:4 Sigmund


Innate Abilities, Weirdness & Mutations

You have sharp claws.
You have razor-sharp teeth.
You have supernaturally acute eyesight. (SInv)
You cover ground quickly. (Speed+)
You are covered in fur. (AC +1)
Your paws help you pounce on unaware monsters.
You are incapable of wielding weapons or throwing items.
You cannot wear armour.
You gain extra lives every three experience levels.


Message History

Sigmund is lightly wounded.
The water moccasin zombie is heavily damaged.
You cannot move.
You cannot move.
You cannot move.
You cannot move.
You cannot move.
You cannot move.
You cannot move.
You cannot move.
There are monsters nearby!
You cannot move.
Casting: Iskenderun's Mystic Blast (extremely dangerous; 6% risk of failure)
Confirm with . or Enter, or press ? or * to list all spells.
Aiming: Magic Dart (safe; 1% risk of failure)
Press: ? - help, Shift-Dir - straight line, f - hound zombie
Aim: a hound zombie (heavily damaged, 100% to hit)
The magic dart hits the hound zombie.
The hound zombie is heavily damaged.
Unknown command.
Okay, then.
Okay, then.
Really read the scroll of poison?
The air fills with toxic fumes!
As you read the scroll of poison, it crumbles to dust.
You are no longer locked in place.
The water moccasin zombie closely misses you.
The hound zombie splashes around in the water.
Sigmund hits you from afar with a +0 scythe!
The water moccasin zombie closely misses you.
The hound skeleton bites you but does no damage.
The hound zombie barely misses you. The water moccasin zombie bites you.
The hound skeleton bites you.
* * * LOW HITPOINT WARNING * * *
Unknown command.
You feel clever all of a sudden.
The hound zombie splashes around in the water.
Sigmund drinks a potion.
Sigmund seems to grow stronger.
The water moccasin zombie bites you.
You die...

# #.... ####§§ #
#.... §§#§###§#
#...§####§§§§§#§###
#..§§§§§§#§§§§§§§§
#..§§§§§§§§§§§§§§§
#..§§§§§§§§§.§§§§§
#..§§§§§§§§Z§§§§P§
#..§§§§§§§@Z§§§§§§
#..§§§§§§##Z§§§§§§
####§##### @§P§§§§
#.....# #§§§§§§
#####.# §§§§§§
#####[###§§§§§§
#####....<..# §§#§§
#<....#####.# #§#§#
####..#.....#


You could see Sigmund (strong), a water moccasin zombie, a hound zombie and a
hound skeleton.

Vanquished Creatures
  An ice beast (D:3)
  An orc priest (D:3)
  Jessica (D:2)
  Natasha (thrice) (D:3)
  3 adders
  A dart slug (D:1)
  3 orcs (D:3)
  7 ball pythons
  An endoplasm (D:2)
  2 giant cockroaches (D:1)
  8 goblins
  8 hobgoblins
  3 jackals (D:3)
  2 quokkas (D:3)
  3 bats
  2 frilled lizards
  4 kobolds
  2 rats
55 creatures vanquished.

Notes
Turn   | Place    | Note
-------+----------+-------------------------------------------
     0 | D:1      | hawla the Felid Conjurer began the quest for the Orb.
     0 | D:1      | Reached XP level 1. HP: 7/7 MP: 4/4
   269 | D:1      | Found a faded altar of an unknown god.
   695 | D:1      | Reached XP level 2. HP: 7/11 MP: 3/6
  1466 | D:2      | Found Atunloh's Antique Armour Shop.
  1518 | D:2      | Found Sowit's Assorted Antiques.
  1526 | D:2      | Bought a murky grey potion for 14 gold pieces
  1526 | D:2      | Bought a scroll labelled ERECVA BADOPH for 16 gold pieces
  1528 | D:2      | Found Taebliyh's Antique Weapon Shop.
  1539 | D:2      | Found Koacod's Weapon Shoppe.
  1594 | D:2      | Reached XP level 3. HP: 14/14 MP: 1/7
  1655 | D:2      | Learned a level 2 spell: Searing Ray
  1952 | D:2      | Noticed Jessica
  1957 | D:2      | Killed Jessica
  1958 | D:2      | Reached skill level 1 in Unarmed Combat
  2169 | D:2      | Found Harch's Jewellery Boutique.
  2242 | D:2      | Reached XP level 4. HP: 18/18 MP: 8/8
  2261 | D:2      | Learned a level 4 spell: Iskenderun's Mystic Blast
  2746 | D:3      | Noticed Natasha
  2752 | D:3      | Reached skill level 1 in Evocations
  2761 | D:3      | Killed Natasha
  2970 | D:3      | Noticed Natasha
  2982 | D:3      | Killed Natasha
  2983 | D:3      | Reached XP level 5. HP: 5/21 MP: 1/9
  2992 | D:3      | Slain by an adder
  2993 | D:3      | Reached XP level 4. HP: 0/18 MP: 2/8
  3125 | D:3      | Noticed Natasha
  3130 | D:3      | Killed Natasha
  3327 | D:2      | Bought a gilded ring for 80 gold pieces
  3666 | D:3      | Noticed an ice beast
  3712 | D:3      | Killed an ice beast
  3713 | D:3      | Reached XP level 5. HP: 11/21 MP: 6/9
  4098 | D:4      | Noticed Sigmund
  4107 | D:4      | Slain by a water moccasin zombie

Illustrated notes

Levels and vault maps discovered:
D:1:      spicycebolla_arrival_risky_transporter, layout_rooms,
          shapermc_ecumenical_altar_gd, serial_bayou, serial_bayou_pond_e,
          serial_bayou_pond_c, serial_bayou_crossing, serial_bayou_pond_c,
          minmay_misc_feat_diagonals
D:2:      layout_loops_cross, serial_shops, nicolae_shop_waterfront, shop,
          nicolae_shop_stone, shop, shop, uniq_jessica
D:3:      layout_basic, uniq_natasha
D:4:      minmay_recursive_quarters, layout_basic,
          nicolae_hepliaklqana_hippocampus, serial_undead, serial_undead_a,
          serial_undead_d, serial_undead_f, serial_undead_f,
          hangedman_decor_slide_cut, uniq_sigmund, uniq_ijyb

Skill      XL: |  1  2  3  4  5 |
---------------+----------------+-----
Dodging        | 3 |  3.6
Conjurations   | 4 |  4.3
Stealth        | 3 4 |  4.0
Unarmed Combat | 1 |  1.2
Evocations     | 3 |  3.0
Translocations | 4 |  4.2
Fighting       | |  0.2
Spellcasting   | |  2.4

Action                   |  1- 3 |  4- 6 || total
-------------------------+-------+-------++-------
Melee: Unarmed           |    54 |    45 ||    99
       Bite              |     4 |     4 ||     8
 Cast: Magic Dart        |    27 |    25 ||    52
       Searing Ray       |     3 |    13 ||    16
       Iskenderun's Myst |       |     2 ||     2
Evoke: Wand              |       |     7 ||     7
  Use: Scroll            |     2 |     9 ||    11
       Potion            |     2 |     5 ||     7
 Stab: Sleeping          |     4 |     2 ||     6
Armor: Skin              |     7 |     5 ||    12
Dodge: Dodged            |    69 |    62 ||   131
